 Dungeon Crawl Stone Soup version 0.31-a0-692-gf03d1854d5 (webtiles) character file.

Game seed: 14028756484784742016

5 GordonOverkill the Trooper (level 1, 0/24 HPs)
             Began as an Ogre Delver on Sept 7, 2023.
             Slain by an orc wizard
             ... wielding a +0 dagger
              (4 damage)
             ... on level 4 of the Dungeon.
             The game lasted 00:01:30 (372 turns).

GordonOverkill the Trooper (Ogre Delver)             Turns: 372, Time: 00:01:31

Health: 0/24       AC:  3    Str: 15    XL:     1   Next: 80%
Magic:  1/1        EV:  9    Int: 11    God:
Gold:   17         SH:  0    Dex: 10    Spells: 0/0 levels left

rFire   . . .        a - +0 mace
rCold   . . .        (no shield)
rNeg    . . .        b - +0 robe
rPois   .            (helmet restricted)
rElec   .            (no cloak)
rCorr   .            (gloves unavailable)
SInv    .            (boots unavailable)
Will    .....        (no amulet)
Stlth   ++           (no ring)
HPRegen 0.24/turn    (no ring)
MPRegen 0.07/turn

%: no passive effects
@: no status effects
A: large, unfitting armour, tough skin 1
a: no special abilities


You were on level 4 of the Dungeon.
You visited 1 branch of the dungeon, and saw 3 of its levels.

You collected 17 gold pieces.

Inventory:

Hand Weapons
 a - a +0 mace (weapon)
Armour
 b - a +0 robe (worn)
Wands
 g - a wand of digging (3)
 i - a wand of paralysis (14)
Scrolls
 c - a scroll of fog
 d - a scroll of revelation
Potions
 f - a potion of haste
 h - a potion of might {unknown}


   Skills:
 - Level 4.0 Fighting
 + Level 2.2 Maces & Flails
 - Level 1.7 Dodging
 - Level 3.7 Stealth


You couldn't memorise any spells.
You didn't know any spells.
Your spell library was empty.

Dungeon Overview and Level Annotations

Branches:
Dungeon (6/15)
 Temple: D:4-7

Altars:


Innate Abilities, Weirdness & Mutations

You are too large for most types of armour.
You have tough skin. (AC +1)


Message History

You start resting.
HP restored.
The orc wizard shouts!
The orc wizard gestures at you while chanting.
The puff of flame hits you!
You start resting.
An orc wizard is nearby!
The orc wizard points at you and mumbles some strange words.
You resist with significant effort.
You closely miss the orc wizard.
The orc wizard hits you with a +0 dagger.
You miss the orc wizard.
The orc wizard hits you with a +0 dagger.
You completely miss the orc wizard. The orc wizard barely misses you.
The orc wizard casts a spell.
The orc wizard flickers and vanishes!
You barely miss something.
You hear some strange, mumbled words.
You are confused.
You bump into the rock wall.
You hear some strange, mumbled words.
Something tries to affect you, but you resist.
You completely miss something.
You hear some strange, mumbled words.
A magic dart appears from out of thin air!
The magic dart hits you.
* * * LOW HITPOINT WARNING * * *
You bump into the rock wall.
Something hits you but does no damage.
You bump into the rock wall.
You hear some strange, mumbled words.
A puff of flame appears from out of thin air!
The puff of flame hits you!
Ouch! That really hurt!
* * * LOW HITPOINT WARNING * * *
You closely miss something.
You feel less confused. Something hits you but does no damage.
Something completely misses you.
You miss something. Something hits you but does no damage.
You miss something. Something hits you.
You die...

#.# #.#
#.# #.#
#.#
#.#######
#.#
#.......#
#.#
######...
#.# #..#
#.# #..#
#####.#
#..#
#.@...#
#..#
#{#####
#..# #.#
####..#
#.#
#......
#.#
#.#####
#.# #.#
#.# #.#
#.# ...
#.# ##.##


There were no monsters in sight!

Vanquished Creatures
  2 orcs
  A quokka (D:5)
3 creatures vanquished.

Notes
Turn   | Place    | Note
-------+----------+-------------------------------------------
     0 | D:5      | GordonOverkill the Ogre Delver began the quest for the Orb.
     0 | D:5      | Reached XP level 1. HP: 24/24 MP: 1/1
    41 | D:6      | Noticed an ice beast
    91 | D:5      | Noticed an orc wizard
   187 | D:4      | HP: 1/24 [orc wizard/+0 dagger (2)]
   372 | D:4      | Slain by an orc wizard

Illustrated notes

Levels and vault maps discovered:
D:4:      layout_loops_ring, nicolae_uskayaw_dance_hall, serial_shops,
          nicolae_shop_window_shopping, uniq_natasha
D:5:      layout_cave_pods, kennysheep_okawaru_gauntlet,
          minmay_temple_entry_mini_moons
D:6:      nicolae_cairo_tiling, layout_basic, serial_shops, shop, uniq_edmund

Skill      XL: |  1 |
---------------+----+-----
Maces & Flails | 2 |  2.2
Fighting       | |  4.0
Dodging        | |  1.7
Stealth        | |  3.7

Action                     || total
---------------------------++-------
  Melee: Mace              ||    20
    Use: Scroll            ||     1
 Armour: Robe              ||    27
  Dodge: Dodged            ||    11

Table legend: (Time is in decaauts)
 A = Elapsed time spent in this place.
 B = Non-inter-level travel time spent in this place.
 C = Inter-level travel time spent in this place.
 D = Time resting spent in this place.
 E = Time spent auto-exploring this place.
 F = Levels seen in this place.
 G = Mean time per level.
                   A        B        C        D        E       F      G
               +--------+--------+--------+--------+--------+-----+--------+
         Total |    379 |    379 |      0 |    142 |      0 |   3 |  126.3 |
       Dungeon |    379 |    379 |      0 |    142 |      0 |   3 |  126.3 |
               +--------+--------+--------+--------+--------+-----+--------+

Top non-repeatable levels by time:
     D:4: 272 daAuts
     D:5: 101 daAuts
     D:6: 5 daAuts
